 Dungeon Crawl Stone Soup version 0.29.1-15-g9cfb28693d (webtiles) character file.

Game seed: 6765645080363115692

46 ChrisAssaf the Trooper (level 3, 0/43 HPs)
             Began as a Human Wanderer on Apr 24, 2023.
             Was an Initiate of Yredelemnul.
             Slain by an adder (1 damage)
             ... on level 2 of the Dungeon.
             The game lasted 00:05:05 (1660 turns).

ChrisAssaf the Trooper (Human Wanderer)             Turns: 1660, Time: 00:05:06

Health: 0/43       AC: 21    Str: 15    XL:     3   Next: 92%
Magic:  4/4        EV:  2    Int: 11    God:    Yredelemnul [......]
Gold:   98         SH:  0    Dex: 12    Spells: 4/4 levels left

rFire   . . .      SeeInvis .   c - +0 hand axe
rCold   . . .      Faith    .   (no shield)
rNeg    . . .      Spirit   .   (body armour currently unavailable)
rPois   +          Reflect  .   (helmet currently unavailable)
rElec   .          Harm     .   (cloak currently unavailable)
rCorr   .          Rampage  .   (gloves currently unavailable)
Will    .....      NoTele   +   (boots currently unavailable)
Stlth   +.........              (no amulet)
HPRegen 0.14/turn               (no ring)
MPRegen 0.09/turn               (no ring)

@: brilliant, tree-form (expiring)
A: stationary, stasis, torment immunity, boosted hp, mutation resistance 1,
subdued magic 1
a: Renounce Religion, Recall Undead Harvest


You were on level 2 of the Dungeon.
You worshipped Yredelemnul.
Yredelemnul was noncommittal.
You were a tree.
You visited 1 branch of the dungeon, and saw 2 of its levels.

You collected 98 gold pieces.

Inventory:

Hand Weapons
 a - a +2 dagger
 c - a +0 hand axe (weapon)
Missiles
 b - 2 curare-tipped darts (quivered)
Armour
 f - a +0 leather armour (melded)
Wands
 g - a wand of charming (5)
Scrolls
 i - a scroll of noise
 j - 2 scrolls of immolation
Potions
 d - a potion of lignification
 e - a potion of berserk rage


   Skills:
 * Level 3.3 Fighting
 * Level 0.6 Short Blades
 * Level 1.5 Axes
 * Level 3.2 Throwing
 * Level 0.9 Armour
 * Level 0.3 Dodging
 * Level 0.5 Stealth
 * Level 1.3 Spellcasting
 * Level 2.0 Evocations


You had 4 spell levels left.
You didn't know any spells.
Your spell library contained the following spells:

 Spells                   Type           Power      Damage    Failure   Level
 Sublimation of Blood     Necr           0%         N/A       38%         2
 Wereblood                Tmut           0%         N/A       38%         2
 Summon Hydra             Summ           0%         N/A       100%        7


Dungeon Overview and Level Annotations

Branches:
Dungeon (2/15)

Altars:
Yredelemnul


Innate Abilities, Weirdness & Mutations

You are a tree.
Your roots penetrate the ground, keeping you stationary.
You cannot be teleported.
You are immune to unholy pain and torment.
Your maximum health is greatly increased.
Your equipment is partially melded.
You are somewhat resistant to further mutation.
Your spells are a little easier to cast, but a little less powerful.


Message History

You hit the adder but do no damage.
The adder is heavily wounded.
You completely miss the worm. The adder bites you but does no damage.
Your frilled lizard zombie closely misses the adder.
The adder bites you but does no damage.
You closely miss the adder. You punch the adder.
The adder is severely wounded.
You hit the worm. The adder bites you.
* * * LOW HITPOINT WARNING * * *
You are poisoned.
The adder poisons you! The worm bites you but does no damage.
Your frilled lizard zombie barely misses the adder.
You miss the adder.
The adder is severely wounded.
You hit the worm.
You feel sick. The adder bites you but does no damage.
The worm bites you but does no damage. The adder bites you but does no damage.
Your frilled lizard zombie bites the adder.
Unknown command.
You closely miss the adder. You punch the adder, but do no damage.
The adder is severely wounded.
You hit the worm.
Your transformation is almost over.
You feel sick. The adder bites you but does no damage.
Your frilled lizard zombie bites the adder.
You closely miss the adder.
The adder is almost dead.
You barely miss the worm.
You feel sick.
You are no longer poisoned.
The adder bites you.
* * * LOW HITPOINT WARNING * * *
The worm bites you but does no damage. The adder bites you but does no damage.
Your frilled lizard zombie closely misses the adder.
You barely miss the adder.
The adder is almost dead.
You hit the worm but do no damage. The adder completely misses you.
The worm completely misses you.
Your frilled lizard zombie barely misses the adder.
The adder bites you.
You die...
Your body rises from the dead as a mindless zombie.

#..... #.....
#..... ...).###
.. ... #. #.#
#w##.### #♣S...#
# #.##Z#.##.#
###.......# #
#######.##.#..# #
#
...........#..#.#
#
#####....Z......#
# #.#.####..### #
##.#.......#
#####
#..........#


You could see a worm (ally target), an adder and a friendly frilled lizard
zombie.

Vanquished Creatures
  An adder (D:2)
  A worm (D:2)
  A dart slug (D:2)
  2 endoplasms
  A giant cockroach (D:1)
  7 hobgoblins
  3 quokkas
  2 ball pythons (D:2)
  A bat (D:2)
  2 frilled lizards
  2 kobolds (D:1)
23 creatures vanquished.

Vanquished Creatures (collateral kills)
  A ball python (D:1)
  A hobgoblin (D:1)
  2 bats (D:1)
  A frilled lizard (D:2)
  2 rats (D:1)
7 creatures vanquished.

Vanquished Creatures (others)
  2 bat zombies (D:1)
  A hobgoblin zombie (D:2)
  A quokka zombie (D:2)
4 creatures vanquished.

Grand Total: 34 creatures vanquished

Notes
Turn   | Place    | Note
-------+----------+-------------------------------------------
     0 | D:1      | ChrisAssaf the Human Wanderer began the quest for the Orb.
     0 | D:1      | ChrisAssaf set off with the following items: a +2 dagger, 2
                  | curare-tipped darts, a +0 hand axe, a potion of
                  | lignification, a potion of berserk rage, a +0 leather
                  | armour.
     0 | D:1      | Reached XP level 1. HP: 18/18 MP: 2/2
   265 | D:1      | Found a faded altar of an unknown god.
   289 | D:1      | Prayed at the altar of an unknown god.
   289 | D:1      | Became a worshipper of Yredelemnul the Dark
   289 | D:1      | Reached * piety under Yredelemnul
   368 | D:1      | Reached XP level 2. HP: 24/24 MP: 3/3
   634 | D:1      | Reached ** piety under Yredelemnul
  1001 | D:2      | Reached XP level 3. HP: 13/29 MP: 4/4
  1645 | D:2      | Gained mutation: Your spells are a little easier to cast,
                  | but a little less powerful. [potion of mutation]
  1645 | D:2      | Gained mutation: You are somewhat resistant to further
                  | mutation. [potion of mutation]
  1647 | D:2      | HP: 2/43 [worm (8)]
  1659 | D:2      | HP: 1/43 [adder (2)]
  1660 | D:2      | Slain by an adder

Illustrated notes

Levels and vault maps discovered:
D:1:      dpeg_arrival_arbitrary_b, layout_rooms,
          chequers_ecumenical_altar_simple_redux, serial_rivers,
          chequers_serial_rivers_micro_b, chequers_serial_rivers_micro_a,
          chequers_serial_rivers_micro_b, chequers_serial_rivers_large_a
D:2:      layout_loops_cross

Action                   || total
-------------------------++-------
Melee: Hand axe          ||   100
       Punch             ||     4
Invok: Recall Undead Har ||     1
  Use: Scroll            ||     3
       Potion            ||     4
 Stab: Distracted        ||     1
Armor: Leather armour    ||    17
       Skin              ||    42
Dodge: Dodged            ||    70
